AoeStats
← leoking1M

Arabia

510032037Analyzed
1v1 RM · 3d ago on Sep 29, 2026· 36m 13s· 2 players
Game mode
Random Map
Map size
Tiny (2 player)
Population
200
Speed
Normal
Resources
Standard
Victory
Conquest
Starting age
Dark Age
Ending age
Imperial Age
RankedLock teamsTeams togetherTeam positionsShared explorationLock speedFull tech treeHidden civsTurbo modeCheats
Victory
Defeat
🇵🇪 Ethiopians · Peru
1170
+17
🇲🇽 Bohemians · Mexico
1196
-17
leoking1M
6:48 Loom
10:36 Feudal Age
11:32 Double-Bit Axe
11:17 Man-at-Arms
15:51 Fletching
23:12 Castle Age
23:20 Crossbowman
23:56 Bodkin Arrow
34:42 Imperial Age
34:46 Arbalester
35:48 Bracer
King_gerard_I
1:09 Loom
15:31 Feudal Age
19:21 Fletching
24:13 Castle Age
31:58 Chemistry
Connection lost

Rejoining the realm…

Still unreachable

The connection could not be restored.

Session expired

The server has moved on; the page needs a fresh start.